 Dungeon Crawl Stone Soup version 0.29.1-12-g30fa7ad0bf (webtiles) character file.

Game seed: 3349349318199770432

164 nachturnus the Ducker (level 5, 0/47 HPs)
             Began as a Gnoll Monk on Jan 14, 2023.
             Was the Champion of Ignis.
             Slain by a worm (8 damage)
             ... on level 4 of the Dungeon.
             The game lasted 00:09:08 (2697 turns).

nachturnus the Ducker (Gnoll Monk)                  Turns: 2697, Time: 00:09:09

Health: 0/47       AC: 10    Str: 12    XL:     5   Next: 45%
Magic:  7/7        EV: 13    Int: 10    God:    Ignis [******]
Gold:   259        SH:  0    Dex: 14    Spells: 7/7 levels left

rFire   + + .      SeeInvis .   a - +2 falchion
rCold   . . .      Faith    .   (no shield)
rNeg    . . .      Spirit   .   r - +0 ring mail
rPois   .          Reflect  .   d - +1 helmet
rElec   .          Harm     .   (no cloak)
rCorr   .          Rampage  .   (no gloves)
Will    .....                   f - +2 pair of boots
Stlth   +.........              (no amulet)
HPRegen 0.15/turn               e - ring of protection from fire
MPRegen 0.10/turn               (no ring)

@: confused, ambrosia-drunk
A: fangs 1, strong nose, distributed training
a: Renounce Religion, Fiery Armour, Foxfire Swarm, Rising Flame


You were on level 4 of the Dungeon.
You worshipped Ignis.
Ignis was exalted by your worship.
You visited 1 branch of the dungeon, and saw 4 of its levels.

You collected 259 gold pieces.

Inventory:

Hand Weapons
 a - a +2 falchion (weapon)
Missiles
 n - 4 javelins (quivered)
Armour
 d - a +1 helmet (worn)
 f - a +2 pair of boots (worn)
 r - a +0 ring mail (worn)
Jewellery
 e - a ring of protection from fire (left hand)
Wands
 k - a wand of iceblast (10)
Scrolls
 l - 2 scrolls of identify {unknown}
 m - a scroll of fog
 o - 2 scrolls of poison {unknown}
 q - a scroll of blinking
Potions
 g - a potion of berserk rage {unknown}
 h - a potion of might {unknown}
 i - a potion of curing {unknown}
 j - a potion of flight {unknown}
 p - a potion of brilliance {unknown}


   Skills:
 + Level 6.7 Fighting
 + Level 1.6 Short Blades
 + Level 6.7 Long Blades
 + Level 1.6 Axes
 + Level 1.6 Maces & Flails
 + Level 1.6 Polearms
 + Level 1.6 Staves
 + Level 1.6 Ranged Weapons
 + Level 1.6 Throwing
 + Level 1.6 Armour
 + Level 6.7 Dodging
 + Level 4.4 Stealth
 + Level 1.6 Shields
 + Level 1.6 Unarmed Combat
 + Level 1.6 Spellcasting
 + Level 1.2 Conjurations
 + Level 1.2 Hexes
 + Level 1.2 Summonings
 + Level 1.2 Necromancy
 + Level 1.2 Translocations
 + Level 1.2 Transmutations
 + Level 1.2 Fire Magic
 + Level 1.2 Ice Magic
 + Level 1.2 Air Magic
 + Level 1.2 Earth Magic
 + Level 1.2 Poison Magic
 + Level 1.8 Invocations
 + Level 1.6 Evocations


You had 7 spell levels left.
You didn't know any spells.
Your spell library contained the following spells:

 Spells                   Type           Power      Damage    Failure   Level
 Shock                    Conj/Air       12%        1d3       38%         1
 Gell's Gravitas          Tloc           3%         N/A       77%         3
 Lesser Beckoning         Tloc           3%         N/A       77%         3
 Swiftness                Air            3%         N/A       77%         3
 Teleport Other           Tloc           3%         N/A       77%         3
 Airstrike                Air            1%         2d(1-17)  99%         4


Dungeon Overview and Level Annotations

Branches:
Dungeon (4/15)
 Temple: D:4-7

Altars:
Ignis

Shops:
D:1 =


Innate Abilities, Weirdness & Mutations

You have very sharp teeth.
Your uncanny sense of smell can sniff out nearby items.
Your experience applies equally to all skills.


Message History

The orc is heavily wounded.
The orc misses you. The orc hits you with a +0 whip.
* * * LOW HITPOINT WARNING * * *
The orc hits you but does no damage.
You hit the orc.
You kill the orc!
The orc barely misses you. x2
You hit the orc. Your bite misses the orc.
The orc is lightly wounded.
The orc misses you. The orc closely misses you.
The orc hits you but does no damage.
You hit the orc but do no damage.
The orc is lightly wounded.
The orc barely misses you. x2; The orc closely misses you.
A worm comes into view.
You hit the orc but do no damage.
The orc is lightly wounded.
The orc hits you but does no damage. The orc closely misses you. x2
You hit the orc but do no damage. You bite the orc, but do no damage.
The orc is lightly wounded.
The orc closely misses you. The orc hits you with a +0 war axe.
* * * LOW HITPOINT WARNING * * *
The orc barely misses you.
You slash the orc!
You kill the orc!
The orc misses you. The orc hits you but does no damage.
You hit the orc.
The orc is heavily wounded.
The orc barely misses you. The orc hits you with a +0 war axe.
* * * LOW HITPOINT WARNING * * *
You are confused.
You feel invigorated. The orc misses you. The orc barely misses you.
The worm bites you.
* * * LOW HITPOINT WARNING * * *
You hit the orc.
You kill the orc!
The orc hits you with a +0 war axe.
* * * LOW HITPOINT WARNING * * *
You closely miss the orc. The worm bites you!
You die...

#######
#....$#
#.....#
#.<...#
#@)...#
#wo...#
#..#####
.....#
####..#
#.## ..
#.# ..


You could see a worm and an orc.

Vanquished Creatures
  2 orc wizards
  3 gnolls (D:3)
  2 adders
  6 orcs
  6 bats
  4 endoplasms
  2 giant cockroaches
  7 hobgoblins
  3 quokkas
  7 ball pythons
  4 frilled lizards
  7 goblins
  5 kobolds
  9 rats
67 creatures vanquished.

Vanquished Creatures (others)
  An orc (D:3)
  5 plants (D:3)
6 creatures vanquished.

Grand Total: 73 creatures vanquished

Notes
Turn   | Place    | Note
-------+----------+-------------------------------------------
     0 | D:1      | nachturnus the Gnoll Monk began the quest for the Orb.
     0 | D:1      | Reached XP level 1. HP: 23/23 MP: 1/1
   168 | D:1      | Reached XP level 2. HP: 29/29 MP: 2/2
   477 | D:1      | Found Zafran's Jewellery Shoppe.
   643 | D:1      | Reached XP level 3. HP: 30/35 MP: 3/3
   715 | D:1      | Found a faded altar of an unknown god.
   715 | D:1      | Noticed an Executioner
   727 | D:1      | Prayed at the altar of an unknown god.
   727 | D:1      | Became a worshipper of Ignis, the Dying Flame
   727 | D:1      | Reached ****** piety under Ignis
   928 | D:2      | Reached skill level 1 in Invocations
  1004 | D:2      | Reached skill level 1 in Short Blades
  1004 | D:2      | Reached skill level 1 in Axes
  1004 | D:2      | Reached skill level 1 in Maces & Flails
  1004 | D:2      | Reached skill level 1 in Polearms
  1004 | D:2      | Reached skill level 1 in Staves
  1004 | D:2      | Reached skill level 1 in Ranged Weapons
  1004 | D:2      | Reached skill level 1 in Throwing
  1004 | D:2      | Reached skill level 1 in Armour
  1004 | D:2      | Reached skill level 1 in Shields
  1004 | D:2      | Reached skill level 1 in Unarmed Combat
  1004 | D:2      | Reached skill level 1 in Spellcasting
  1004 | D:2      | Reached skill level 1 in Evocations
  1371 | D:3      | Reached XP level 4. HP: 32/41 MP: 5/5
  1600 | D:3      | Reached skill level 1 in Conjurations
  1600 | D:3      | Reached skill level 1 in Hexes
  1600 | D:3      | Reached skill level 1 in Summonings
  1600 | D:3      | Reached skill level 1 in Necromancy
  1600 | D:3      | Reached skill level 1 in Translocations
  1600 | D:3      | Reached skill level 1 in Transmutations
  1600 | D:3      | Reached skill level 1 in Fire Magic
  1600 | D:3      | Reached skill level 1 in Ice Magic
  1600 | D:3      | Reached skill level 1 in Air Magic
  1600 | D:3      | Reached skill level 1 in Earth Magic
  1600 | D:3      | Reached skill level 1 in Poison Magic
  2010 | D:3      | Reached XP level 5. HP: 15/47 MP: 7/7
  2694 | D:4      | HP: 2/47 [orc/+0 war axe (5)]
  2697 | D:4      | Slain by a worm

Illustrated notes

Levels and vault maps discovered:
D:1:      nicolae_arrival_memento_mori, layout_rooms,
          dreamdust_ecumenical_altar_sealed_demon, serial_shops,
          nicolae_shop_behind_doors
D:2:      layout_rooms, minmay_strange_pillars
D:3:      layout_rooms, chequers_big_river, serial_bayou_lagoon_b
D:4:      layout_rooms, lightli_sewer_entry_pipes, minmay_manual_moon,
          uniq_robin

Skill      XL: |  1  2  3  4 |
---------------+-------------+-----
Invocations    | 1 |  1.8
Short Blades   | 1 |  1.6
Axes           | 1 |  1.6
Maces & Flails | 1 |  1.6
Polearms       | 1 |  1.6
Staves         | 1 |  1.6
Ranged Weapons | 1 |  1.6
Throwing       | 1 |  1.6
Armour         | 1 |  1.6
Shields        | 1 |  1.6
Unarmed Combat | 1 |  1.6
Spellcasting   | 1 |  1.6
Evocations     | 1 |  1.6
Conjurations   | 1 |  1.2
Hexes          | 1 |  1.2
Summonings     | 1 |  1.2
Necromancy     | 1 |  1.2
Translocations | 1 |  1.2
Transmutations | 1 |  1.2
Fire Magic     | 1 |  1.2
Ice Magic      | 1 |  1.2
Air Magic      | 1 |  1.2
Earth Magic    | 1 |  1.2
Poison Magic   | 1 |  1.2
Fighting       | |  6.7
Long Blades    | |  6.7
Dodging        | |  6.7
Stealth        | |  4.4

Action                   |  1- 3 |  4- 6 || total
-------------------------+-------+-------++-------
Melee: Falchion          |   111 |    95 ||   206
       Bite              |    10 |     7 ||    17
       Punch             |       |     1 ||     1
  Use: Scroll            |     6 |       ||     6
       Potion            |     1 |     1 ||     2
 Stab: Sleeping          |     6 |     1 ||     7
Armor: Robe              |    27 |    37 ||    64
       Ring mail         |       |    16 ||    16
Dodge: Dodged            |    89 |   153 ||   242
